 Dungeon Crawl Stone Soup version 0.23-a0-32-g1388f29 (webtiles) character file.

155 mopl the Firebug (level 5, -1/28 HPs)
             Began as a Tengu Fire Elementalist on Aug 4, 2018.
             Killed from afar by an orc wizard (9 damage)
             ... with a magic dart
             ... on level 3 of the Dungeon.
             The game lasted 00:04:09 (1644 turns).

mopl the Firebug (Tengu Fire Elementalist)          Turns: 1644, Time: 00:04:09

Health: -1/28      AC:  2    Str:  8    XL:     5   Next: 37%
Magic:  7/19       EV: 13    Int: 16    God:
Gold:   139        SH:  0    Dex: 15    Spells: 2/10 levels left

rFire    . . .     SeeInvis .   d - +2 short sword (protect)
rCold    . . .     Gourm    .   (no shield)
rNeg     . . .     Faith    .   a - +0 robe
rPois    .         Spirit   .   (helmet restricted)
rElec    .         Reflect  .   (no cloak)
rCorr    .         Harm     .   (no gloves)
MR       .....                  (boots unavailable)
Stlth    ++........             (no amulet)
HPRegen  0.09/turn              j - ring of magical power
MPRegen  0.16/turn              (no ring)

@: lethally poisoned (-1 -> -12)
A: beak, talons 3, able to fly 1
a: Fly


You were on level 3 of the Dungeon.
You were not hungry.

You visited 1 branch of the dungeon, and saw 3 of its levels.

You collected 139 gold pieces.

Inventory:

Hand Weapons
 d - a +2 short sword of protection (weapon)
Missiles
 f - a throwing net (quivered)
 k - 3 tomahawks
Armour
 a - a +0 robe (worn)
Jewellery
 j - a ring of magical power (left hand)
Scrolls
 g - a scroll of magic mapping {unknown}
 h - 2 scrolls of remove curse {unknown}
Potions
 b - 3 potions of lignification {unknown}
 e - a potion of curing
 i - a potion of agility {unknown}
 m - a potion of mutation {unknown}
Comestibles
 c - 6 rations
 l - 4 chunks of flesh


   Skills:
 - Level 2.1 Dodging
 - Level 2.0 Stealth
 + Level 3.2 Spellcasting
 + Level 3.9 Conjurations
 + Level 4.5 Fire Magic


You had 2 spell levels left.
You knew the following spells:

 Your Spells              Type           Power        Failure   Level  Hunger
a - Flame Tongue          Conj/Fire      ###..        3%          1    None
c - Conjure Flame         Conj/Fire      ###.....     10%         3    ###....
d - Sticky Flame          Conj/Fire      ###.....     30%         4    ####...

Your spell library contained the following spells:

 Spells                   Type           Power        Failure   Level  Hunger
 Fireball                 Conj/Fire      ###.......   65%         5    ######.
 Throw Flame              Conj/Fire      ###...       4%          2    ##.....
 Inner Flame              Hex/Fire       #.......     22%         3    ###....


Dungeon Overview and Level Annotations

Branches:
Dungeon (3/15)

Altars:

Annotations:
D:2 Sigmund


Innate Abilities, Weirdness & Mutations

You have a beak for a mouth.
You have claws for feet.
You can fly.


Message History

Confirm with . or Enter, or press ? or * to list all spells.
Aiming: Flame Tongue (safe; 3% risk of failure)
Press: ? - help, Shift-Dir - straight line, f/p - orc wizard
Aim: an orc wizard, wielding a dagger of venom and wearing a robe (severely wounded)
The flame tongue misses the orc wizard.
You feel sick. The orc misses you.
The orc wizard hits you but does no damage.
You are lethally poisoned!
Unknown command.
Casting: Flame Tongue (safe; 3% risk of failure)
Confirm with . or Enter, or press ? or * to list all spells.
Aiming: Flame Tongue (safe; 3% risk of failure)
Press: ? - help, Shift-Dir - straight line, f/p - orc wizard
Aim: an orc wizard, wielding a dagger of venom and wearing a robe (severely wounded)
The flame tongue hits the orc wizard.
The orc wizard appears unharmed.
The orc wizard is severely wounded.
* * * LOW HITPOINT WARNING * * *
You feel sick.
The orc wizard points at you and mumbles some strange words.
The magic dart hits you!
You die...

......# #######
......# #.....#
......## #.....#
.......## #.....#
........# #####.....#
#....<..####...>.....#
#.......##...###.....#
##.........### #o...(#
#.....##### #@o..[#
#....... ###)###
#.......# #.#
#.......# ...
.......## .....
##...... .....o.
...... .....<..#
o........# .(..o.....#


You could see an orc wizard and an orc.

Vanquished Creatures
  An orc wizard (D:3)
  Terence (D:2)
  3 adders
  2 worms (D:3)
  A dart slug (D:1)
  2 leopard geckos
  10 orcs (D:3)
  6 giant cockroaches
  2 goblins (D:1)
  6 hobgoblins
  3 jackals (D:3)
  6 kobolds
  3 ball pythons
  3 bats
  6 rats
55 creatures vanquished.

Notes
Turn   | Place    | Note
-------+----------+-------------------------------------------
     0 | D:1      | mopl the Tengu Fire Elementalist began the quest for the Orb.
     0 | D:1      | Reached XP level 1. HP: 10/10 MP: 4/4
   183 | D:1      | Reached skill level 2 in Conjurations
   183 | D:1      | Reached XP level 2. HP: 12/15 MP: 3/6
   451 | D:1      | Reached XP level 3. HP: 17/19 MP: 7/7
   456 | D:1      | Learned a level 3 spell: Conjure Flame
  1003 | D:2      | Noticed Sigmund
  1005 | D:2      | Noticed Terence
  1256 | D:3      | Reached skill level 3 in Conjurations
  1256 | D:3      | Reached skill level 4 in Fire Magic
  1272 | D:3      | Reached XP level 4. HP: 24/24 MP: 9/9
  1344 | D:3      | Learned a level 4 spell: Sticky Flame
  1500 | D:2      | Reached skill level 3 in Spellcasting
  1530 | D:2      | Killed Terence
  1530 | D:2      | Gained mutation: You can fly. [Tengu growth]
  1530 | D:2      | Reached XP level 5. HP: 28/28 MP: 7/10
  1644 | D:3      | Killed from afar by an orc wizard

Vault maps used:
D:1:      erik_arrival_triangle_medium
D:2:      uniq_sigmund, uniq_terence

Skill      XL: |  1  2  3  4 |
---------------+-------------+-----
Conjurations   | 2 3 |  3.9
Fire Magic     | 4 |  4.5
Spellcasting   | 3 |  3.2
Dodging        | |  2.1
Stealth        | |  2.0

Action                   |  1- 3 |  4- 6 || total
-------------------------+-------+-------++-------
Melee: Short sword       |    20 |     9 ||    29
       Kick              |     4 |     1 ||     5
       Peck              |       |     1 ||     1
 Cast: Flame Tongue      |    48 |    54 ||   102
       Conjure Flame     |       |     1 ||     1
 Stab: Sleeping          |     1 |     1 ||     2
  Eat: Chunk             |     2 |     1 ||     3
Armor: Robe              |     9 |     2 ||    11
Dodge: Dodged            |    23 |     9 ||    32

Table legend:
 A = Spawn XP
 B = Non-spawn XP
 C = Spawn XP percentage of total XP
 D = Spawn monster count
 E = Non-spawn monster count
 F = Spawn count percentage of total count
 G = Total turns spent on level
                    A         B        C        D         E        F      G
               +---------+---------+-------+---------+---------+-------+---------
         Total |       0 |     222 |   0.0 |       0 |      55 |   0.0 |  1644
               +---------+---------+-------+---------+---------+-------+---------
           D:1 |       0 |      40 |   0.0 |       0 |      22 |   0.0 |   702
           D:2 |       0 |      72 |   0.0 |       0 |      10 |   0.0 |   452
           D:3 |       0 |     110 |   0.0 |       0 |      23 |   0.0 |   490
               +---------+---------+-------+---------+---------+-------+---------
